[Event "Titled Tuesday Blitz November 07 Late 2023"]
[White "victormago"]
[Black "Tokhirjonova, Gulrukhbegim"]
[BlackFideId "14203626"]
[WhiteElo "2466"]
[BlackElo "2639"]
[Result "1-0"]
[Round "7"]
[TimeControl "180+1"]
[Date "2023.11.07"]
[WhiteClock "0:00:27"]
[BlackClock "0:00:03"]
[Board "62"]

1. d4 Nf6 2. c4 e6 3. Nc3 Bb4 4. Qc2 b6 5. Nf3 Bb7 6. g3 O-O 7. Bg2 d6 8. O-O Nbd7 9. Bg5 h6 10. Bxf6 Qxf6 11. Ng5 hxg5 12. Bxb7 Rab8 13. Bc6 Bxc3 14. Qxc3 Rbd8 15. Bxd7 Rxd7 16. Rad1 Re8 17. e3 Rde7 18. b4 g4 19. c5 bxc5 20. bxc5 e5 21. cxd6 cxd6 22. dxe5 dxe5 23. Rd5 Re6 24. Rfd1 Qg5 25. Qa5 Kh7 26. Qxa7 R8e7 27. Rd7 Kg6 28. Rxe7 Rxe7 29. Qb6+ Re6 30. Qd8 Qf5 31. Qd5 Rf6 32. Rd2 Kh7 33. Qd3 e4 34. Qd5 Qg6 35. Rd4 Re6 36. a4 f5 37. a5 Qf6 38. Kg2 Kg6 39. Rb4 Kg5 40. Qd4 Qh6 41. Rb6 Qh3+ 42. Kg1 Re7 43. Qd8 1-0


[Site "https://www.chess.com"]

[Event "Titled Tuesday Blitz November 07 Late 2023"]
[White "Adla, Diego"]
[Black "Ahmad, Khagan"]
[WhiteFideId "100072"]
[BlackFideId "13431552"]
[WhiteElo "2627"]
[BlackElo "2465"]
[Result "1/2-1/2"]
[Round "7"]
[TimeControl "180+1"]
[Date "2023.11.07"]
[WhiteClock "0:01:49"]
[BlackClock "0:00:22"]
[Board "63"]

1. c4 Nf6 2. Nc3 e6 3. e4 d5 4. cxd5 exd5 5. e5 d4 6. exf6 dxc3 7. Bb5+ c6 8. Qe2+ Be6 9. Bc4 Qxf6 10. dxc3 Nd7 11. Bxe6 Qxe6 12. Qxe6+ fxe6 13. Nf3 Bc5 14. Ke2 h6 15. Be3 Bxe3 16. Kxe3 Nf6 17. Rae1 Ke7 18. Kd2 Rhd8+ 19. Kc2 c5 20. Re5 b6 21. Rhe1 Rd6 22. Nd2 Rad8 23. Nc4 Rc6 24. a4 Rd5 25. f4 Rxe5 26. Nxe5 Rd6 27. g3 g5 28. fxg5 hxg5 29. h4 gxh4 30. gxh4 Nh5 31. Rg1 Rd5 32. Rg5 Nf4 33. Nc6+ Kd6 34. Rxd5+ exd5 35. Nxa7 d4 36. Nb5+ Kd5 37. cxd4 cxd4 38. b3 Kc5 39. Nc7 Kb4 40. Na6+ Ka3 41. Nb8 d3+ 42. Kc3 d2 43. Kxd2 Kxb3 44. Nd7 Kxa4 45. Nxb6+ Kb5 46. Nc8 Kc6 47. Kc3 Kd7 48. Nb6+ Ke6 49. Kd4 Kf5 50. Nd7 Kg4 51. Ne5+ Kxh4 1/2-1/2


[Site "https://www.chess.com"]

[Event "Titled Tuesday Blitz November 07 Late 2023"]
[White "Akhayan, Ruben"]
[Black "Janaszak, Dawid"]
[WhiteFideId "204439"]
[BlackFideId "1119206"]
[WhiteElo "2446"]
[BlackElo "2626"]
[Result "1-0"]
[Round "7"]
[TimeControl "180+1"]
[Date "2023.11.07"]
[WhiteClock "0:01:56"]
[BlackClock "0:01:11"]
[Board "64"]

1. e4 c5 2. Nf3 Nc6 3. Nc3 g6 4. Bc4 Bg7 5. O-O d6 6. Re1 Nf6 7. d4 cxd4 8. Nxd4 O-O 9. Bb3 Nxd4 10. Qxd4 Ng4 11. Qd1 Ne5 12. Bg5 h6 13. Bh4 Be6 14. h3 g5 15. Bg3 Qb6 16. Qd2 Rac8 17. Rad1 Nc4 18. Bxc4 Rxc4 19. e5 Qxb2 20. Ne4 Rd4 21. Qxd4 1-0


[Site "https://www.chess.com"]

[Event "Titled Tuesday Blitz November 07 Late 2023"]
[White "szachmistrz2500"]
[Black "aghasiyevkamal"]
[WhiteElo "2455"]
[BlackElo "2608"]
[Result "0-1"]
[Round "7"]
[TimeControl "180+1"]
[Date "2023.11.07"]
[WhiteClock "0:00:38"]
[BlackClock "0:00:33"]
[Board "65"]

1. Nf3 d5 2. g3 Nf6 3. Bg2 e6 4. O-O Be7 5. d3 O-O 6. Nbd2 b6 7. e4 Bb7 8. e5 Nfd7 9. Re1 c5 10. Qe2 Qc7 11. Nf1 d4 12. h4 Bd5 13. h5 h6 14. N1h2 Re8 15. Ng4 Bf8 16. Bf4 Nc6 17. Qd2 Kh7 18. c4 dxc3 19. bxc3 Rad8 20. c4 Bxf3 21. Bxf3 Nd4 22. Be4+ Kh8 23. Bg2 Nb8 24. Bxh6 gxh6 25. Nxh6 Qe7 26. Ng4 Nf5 27. Be4 Nd7 28. Qf4 f6 29. exf6 Qh7 30. Bc6 Bd6 31. Qf3 Nd4 32. Qg2 Rf8 33. Qh3 Nxc6 0-1


[Site "https://www.chess.com"]

[Event "Titled Tuesday Blitz November 07 Late 2023"]
[White "GatoRojo150"]
[Black "Kovalevsky, Stanislav"]
[BlackFideId "13508598"]
[WhiteElo "2606"]
[BlackElo "2446"]
[Result "0-1"]
[Round "7"]
[TimeControl "180+1"]
[Date "2023.11.07"]
[WhiteClock "0:00:06"]
[BlackClock "0:00:25"]
[Board "66"]

1. e4 c6 2. Nc3 d5 3. Nf3 dxe4 4. Nxe4 Nf6 5. Qe2 Nxe4 6. Qxe4 Qd5 7. Qh4 Bf5 8. Bc4 Qe4+ 9. Qxe4 Bxe4 10. Bxf7+ Kd8 11. Ng5 Bxc2 12. Bc4 Bg6 13. d4 Nd7 14. O-O h6 15. Ne6+ Kc8 16. Re1 Nb6 17. Bb3 a5 18. a4 Kb8 19. Bd2 Bf7 20. Re3 Bxe6 21. Bxe6 g5 22. Bf5 Bg7 23. Rxe7 Bxd4 24. Rb1 Rf8 25. g4 Nd5 26. Rh7 Rf6 27. b4 axb4 28. Bxb4 Rxa4 29. Bd2 Ra1 30. Rxb7+ Ka8 31. Rb8+ Ka7 32. Rb7+ Ka6 33. Rb8 Rxb1+ 34. Rxb1 c5 35. Bc8+ Ka7 36. Bf5 Rb6 37. Rd1 Rb2 38. h4 gxh4 39. Bxh6 Bxf2+ 40. Kh1 Ne3 41. Rd7+ Kb6 42. Rd6+ Ka5 43. Rd8 Re2 44. Ra8+ Kb4 45. Rb8+ Ka3 46. Bf8 Re1+ 47. Kh2 Bg3+ 48. Kh3 Rh1# 0-1


[Site "https://www.chess.com"]

[Event "Titled Tuesday Blitz November 07 Late 2023"]
[White "Flameboard08"]
[Black "Mazurkiewicz, Michal"]
[BlackFideId "1124943"]
[WhiteElo "2598"]
[BlackElo "2444"]
[Result "1-0"]
[Round "7"]
[TimeControl "180+1"]
[Date "2023.11.07"]
[WhiteClock "0:00:02"]
[BlackClock "0:00:00"]
[Board "67"]

1. f4 d5 2. Nf3 Nf6 3. d3 e6 4. Nbd2 b5 5. e4 dxe4 6. dxe4 a6 7. a4 b4 8. Bd3 Bb7 9. O-O Nbd7 10. Nc4 Nc5 11. e5 Nxd3 12. cxd3 Nd5 13. Na5 Bc8 14. d4 c5 15. Nc4 cxd4 16. Qxd4 Bb7 17. Kh1 Rc8 18. Nd6+ Bxd6 19. exd6 O-O 20. Qe5 Rc6 21. Nd4 Rxd6 22. f5 Ne7 23. Be3 Rd5 24. Qg3 Nxf5 25. Nxf5 Rxf5 26. Rfd1 Qf6 27. Bd4 Qg6 28. Be3 Qxg3 29. hxg3 Bd5 30. Rdc1 Re5 31. Bc5 Rd8 32. Rc2 b3 33. Rc3 Re2 34. Rg1 Rc8 35. Bd4 Rxc3 36. Bxc3 e5 37. a5 f6 38. g4 Kf7 39. Kh2 Ke6 40. Kg3 g5 41. Kh3 f5 42. gxf5+ Kxf5 43. Rf1+ Kg6 44. Rg1 h5 45. g4 Re3+ 46. Kh2 h4 47. Rd1 Re2+ 48. Kh3 Bg2+ 49. Kh2 Bf3+ 50. Kh3 1-0


[Site "https://www.chess.com"]

[Event "Titled Tuesday Blitz November 07 Late 2023"]
[White "Pinheiro, Iung Alicio de O."]
[Black "Weisz, Bryan"]
[WhiteFideId "2104350"]
[BlackFideId "30934133"]
[WhiteElo "2595"]
[BlackElo "2441"]
[Result "1-0"]
[Round "7"]
[TimeControl "180+1"]
[Date "2023.11.07"]
[WhiteClock "0:00:06"]
[BlackClock "0:00:05"]
[Board "68"]

1. c4 a6 2. g3 b5 3. Bg2 Ra7 4. b3 Bb7 5. Nf3 e5 6. O-O e4 7. Nd4 Nf6 8. cxb5 Bc5 9. Bb2 O-O 10. d3 exd3 11. Qxd3 Bxg2 12. Kxg2 axb5 13. Nxb5 Ra6 14. Nd2 Re6 15. Rac1 Bb6 16. Nc4 Na6 17. Nxb6 Rxb6 18. Rfd1 Nb4 19. Qc4 Nxa2 20. Ra1 Qa8+ 21. f3 Qa6 22. Bxf6 Qxb5 23. Qxb5 Rxb5 24. Be7 Re8 25. Rxa2 Rxb3 26. Rxd7 h5 27. Rxc7 Re3 28. Bc5 Rxe2+ 29. Rxe2 Rxe2+ 30. Bf2 g6 31. h4 Ra2 32. Rc8+ Kg7 33. Kf1 Kf6 34. Bd4+ Kf5 35. Rc5+ Ke6 36. Re5+ Kd6 37. Re2 Ra3 38. Kf2 Rd3 39. Be3 Ra3 40. Rd2+ Ke6 41. Rc2 Kf6 42. Rc6+ Kf5 43. Bd4 Ra2+ 44. Ke1 Rg2 45. Rf6# 1-0


[Site "https://www.chess.com"]

[Event "Titled Tuesday Blitz November 07 Late 2023"]
[White "Shapiro, Viktor"]
[Black "Estrada Nieto, Julian"]
[WhiteFideId "4175700"]
[BlackFideId "5101018"]
[WhiteElo "2585"]
[BlackElo "2440"]
[Result "1-0"]
[Round "7"]
[TimeControl "180+1"]
[Date "2023.11.07"]
[WhiteClock "0:01:29"]
[BlackClock "0:00:00"]
[Board "69"]

1. c4 e5 2. Nc3 Nf6 3. g3 d5 4. cxd5 Nxd5 5. Bg2 Nb6 6. Nf3 Nc6 7. d3 Be7 8. O-O O-O 9. a3 Be6 10. b4 a5 11. b5 Nd4 12. Nd2 c6 13. Rb1 a4 14. bxc6 Nxc6 15. Nde4 f5 16. Ng5 Bxg5 17. Bxg5 Qxg5 18. Rxb6 Qe7 19. Qa1 e4 20. dxe4 f4 21. Nd5 Qc5 22. Rxb7 Nd4 23. Nxf4 Bc8 24. Rb4 Nb3 25. Qb2 Ba6 26. Ne6 Qe7 27. Nxf8 Rxf8 28. Rxa4 Nc5 29. Ra5 Bc8 30. Qb4 1-0


[Site "https://www.chess.com"]

[Event "Titled Tuesday Blitz November 07 Late 2023"]
[White "Pace, Christopher"]
[Black "Jaskolka, Tomasz"]
[WhiteFideId "2610167"]
[BlackFideId "1170791"]
[WhiteElo "2431"]
[BlackElo "2575"]
[Result "0-1"]
[Round "7"]
[TimeControl "180+1"]
[Date "2023.11.07"]
[WhiteClock "0:00:07"]
[BlackClock "0:00:08"]
[Board "70"]

1. Nf3 d5 2. d4 Nf6 3. c4 c6 4. Nc3 e6 5. e3 Nbd7 6. cxd5 exd5 7. Bd3 Bd6 8. O-O O-O 9. Re1 Re8 10. h3 Nf8 11. e4 dxe4 12. Nxe4 Nxe4 13. Bxe4 Ng6 14. Ng5 Qf6 15. Nxh7 Kxh7 16. Qh5+ Kg8 17. Bg5 Qe6 18. Re3 Bd7 19. Rae1 Bb4 20. R1e2 Qd6 21. a3 Ba5 22. Be7 Rxe7 23. Bxg6 fxg6 24. Qxa5 Rxe3 25. Rxe3 Re8 26. Qxa7 Rxe3 27. fxe3 Qe7 28. Qb8+ Kh7 29. Kf2 Qf6+ 30. Ke2 Qe7 31. Kd2 Qe4 32. Qxb7 Qxg2+ 33. Kc3 Bf5 34. Qb3 Qe2 35. Kb4 Qb5+ 36. Kc3 Qxb3+ 37. Kxb3 Bxh3 38. a4 Bf1 39. Kb4 g5 40. Kc3 g4 41. Kd2 g3 42. Ke1 g2 43. Kf2 Kg6 44. b4 Kf5 45. b5 cxb5 46. axb5 Bxb5 47. Kxg2 Ke4 48. Kf2 Be8 49. Ke2 Bh5+ 50. Kf2 Bd1 51. Kg3 Kxe3 52. d5 Ke4 53. d6 Ba4 54. Kh4 Kf5 55. Kh5 g5 0-1


[Site "https://www.chess.com"]

[Event "Titled Tuesday Blitz November 07 Late 2023"]
[White "Suspenser17"]
[Black "Gimenez Aguirre, Alejo Ismael"]
[BlackFideId "32041667"]
[WhiteElo "2431"]
[BlackElo "2571"]
[Result "0-1"]
[Round "7"]
[TimeControl "180+1"]
[Date "2023.11.07"]
[WhiteClock "0:01:41"]
[BlackClock "0:02:45"]
[Board "71"]

1. e4 c5 2. c3 g6 3. d4 cxd4 4. cxd4 d5 5. exd5 Nf6 6. Bb5+ Nbd7 7. Nc3 Bg7 8. Nf3 O-O 9. O-O a6 10. Bc4 b5 11. Bb3 Nb6 12. Ne5 Bb7 13. Nc6 Bxc6 14. dxc6 Rc8 15. d5 b4 16. Na4 Nbxd5 17. Qc2 Qd6 18. Rd1 Rxc6 19. Qd3 e6 20. Bg5 Rd8 21. Qf3 Qe5 22. Re1 Qxg5 0-1


[Site "https://www.chess.com"]

[Event "Titled Tuesday Blitz November 07 Late 2023"]
[White "Toncheva, Nadya"]
[Black "WindWhistler11"]
[WhiteFideId "2924056"]
[WhiteElo "2562"]
[BlackElo "2430"]
[Result "0-1"]
[Round "7"]
[TimeControl "180+1"]
[Date "2023.11.07"]
[WhiteClock "0:00:04"]
[BlackClock "0:00:04"]
[Board "73"]

1. e4 e6 2. d4 d5 3. Nd2 Nc6 4. Ngf3 Nf6 5. e5 Nd7 6. Bd3 f6 7. exf6 Qxf6 8. c3 e5 9. dxe5 Ndxe5 10. Be2 Ng6 11. O-O Bd6 12. Re1 O-O 13. Nf1 Nce7 14. Bg5 Qf7 15. Ne3 c6 16. c4 Bb4 17. Rf1 h6 18. Bxe7 Nxe7 19. cxd5 cxd5 20. Nd4 Bd6 21. Bf3 Kh8 22. Rc1 a6 23. g3 Bh3 24. Bg2 Bxg2 25. Kxg2 Be5 26. Rc2 Rad8 27. Rd2 Ng6 28. f4 Bc7 29. Nf3 Nxf4+ 30. gxf4 Bxf4 31. Rd3 Qg6+ 32. Kh1 Rde8 33. Ng2 Bb8 34. Rxd5 Qg4 35. Rd4 Qh5 36. Rh4 Qg6 37. Qd4 Rd8 38. Qg4 Qf7 39. h3 Rd6 40. Qf4 Rf6 41. Qc4 Rxf3 42. Rxf3 Qxf3 43. Rg4 Qd1+ 0-1


[Site "https://www.chess.com"]

[Event "Titled Tuesday Blitz November 07 Late 2023"]
[White "Lymar, Vladislav"]
[Black "Villarreal, Agustin"]
[WhiteFideId "14162180"]
[BlackFideId "125687"]
[WhiteElo "2534"]
[BlackElo "2428"]
[Result "1-0"]
[Round "7"]
[TimeControl "180+1"]
[Date "2023.11.07"]
[WhiteClock "0:00:05"]
[BlackClock "0:00:40"]
[Board "74"]

1. d4 d5 2. c4 e6 3. cxd5 exd5 4. Bf4 Nf6 5. e3 c6 6. Bd3 Bd6 7. Bxd6 Qxd6 8. Nc3 Nbd7 9. Nf3 O-O 10. O-O a6 11. Qc2 g6 12. Rab1 Re8 13. b4 b5 14. e4 dxe4 15. Nxe4 Nxe4 16. Bxe4 Bb7 17. Rfe1 Nf6 18. Bd3 Rxe1+ 19. Nxe1 Re8 20. Nf3 Nd5 21. a3 Nf4 22. Bf1 h5 23. Rd1 Bc8 24. Ne5 Re6 25. g3 Nd5 26. Bg2 Rf6 27. Nxc6 Bg4 28. Rc1 Bf5 29. Qc5 Qxc5 30. bxc5 Nc7 31. d5 Bd7 32. d6 Ne6 33. Ne5 Nxc5 34. Rxc5 Rxd6 35. Nxd7 Rd1+ 36. Bf1 Rxd7 37. Rc6 Ra7 38. Rb6 Kf8 39. h4 Ke7 40. Bg2 Kf8 41. Bd5 Ke7 42. Rb7+ Rxb7 43. Bxb7 a5 44. Kg2 b4 45. axb4 axb4 46. Bd5 f6 47. Kf3 g5 48. Ke4 Kd6 49. Bb3 gxh4 50. gxh4 Kc5 51. Bf7 Kd6 52. Bb3 Kc5 53. Kf5 Kd4 54. Kxf6 Ke4 55. Kg5 Ke5 56. f4+ Kd6 57. Kf6 Kd7 58. Kg7 Ke8 59. f5 Ke7 60. f6+ 1-0


[Site "https://www.chess.com"]

[Event "Titled Tuesday Blitz November 07 Late 2023"]
[White "Becerra, Juan David"]
[Black "Wartiovaara, Oliver"]
[WhiteFideId "4404998"]
[BlackFideId "513024"]
[WhiteElo "2376"]
[BlackElo "2527"]
[Result "0-1"]
[Round "7"]
[TimeControl "180+1"]
[Date "2023.11.07"]
[WhiteClock "0:00:00"]
[BlackClock "0:00:33"]
[Board "76"]

1. d4 e6 2. Nc3 c5 3. e3 f5 4. Nf3 Nf6 5. Be2 d5 6. O-O Be7 7. Ne5 O-O 8. f3 Nc6 9. Nxc6 bxc6 10. Qe1 cxd4 11. exd4 Bd6 12. Be3 e5 13. Bf2 e4 14. fxe4 fxe4 15. Bg3 Rb8 16. Rb1 Rb4 17. Bxd6 Qxd6 18. Qd2 c5 19. Nb5 Qb6 20. a4 Rxa4 21. c3 c4 22. Na3 Bd7 23. Nc2 Qd6 24. b3 cxb3 25. Rxb3 Ra2 26. Qc1 Rb8 27. Rxb8+ Qxb8 28. c4 Qb2 29. Qxb2 Rxb2 30. Rc1 Ba4 31. Bd1 dxc4 32. Ne3 Bxd1 33. Nxd1 Rd2 34. Kf1 Nd5 35. Nf2 e3 0-1


[Site "https://www.chess.com"]

[Event "Titled Tuesday Blitz November 07 Late 2023"]
[White "Balla, Tamas-Kristof"]
[Black "D`Arruda, Ricardo D."]
[WhiteFideId "1208497"]
[BlackFideId "100692"]
[WhiteElo "2364"]
[BlackElo "2523"]
[Result "1-0"]
[Round "7"]
[TimeControl "180+1"]
[Date "2023.11.07"]
[WhiteClock "0:01:34"]
[BlackClock "0:01:22"]
[Board "77"]

1. e4 c5 2. c3 e6 3. d4 d5 4. exd5 exd5 5. Nf3 c4 6. b3 cxb3 7. axb3 Nf6 8. Bd3 Be7 9. O-O Nc6 10. Bg5 h6 11. Bh4 Bg4 12. Nbd2 O-O 13. Re1 Re8 14. Qc2 Qc7 15. h3 Be6 16. Qb2 a6 17. Ne5 Nxe5 18. Rxe5 Nd7 19. Rh5 g6 20. Bxe7 gxh5 21. Bh4 Nf8 22. Nf3 Ng6 23. Bf6 Qd7 24. Qd2 Qd6 25. Qxh6 Qf8 26. Qxh5 Bd7 27. Ng5 1-0


[Site "https://www.chess.com"]

[Event "Titled Tuesday Blitz November 07 Late 2023"]
[White "Harriott, Tyrell"]
[Black "Nilsen, Tobias Lang"]
[WhiteFideId "2086484"]
[BlackFideId "1521624"]
[WhiteElo "2363"]
[BlackElo "2509"]
[Result "0-1"]
[Round "7"]
[TimeControl "180+1"]
[Date "2023.11.07"]
[WhiteClock "0:00:03"]
[BlackClock "0:00:18"]
[Board "78"]

1. d4 Nf6 2. e3 e6 3. Bd3 b6 4. f4 Bb7 5. Nf3 Be7 6. O-O O-O 7. Nbd2 c6 8. c3 c5 9. Qe2 d5 10. Ne5 Nbd7 11. Qf3 Ne8 12. Qh3 f5 13. g4 Nd6 14. gxf5 Nxf5 15. Ndf3 Nf6 16. Bd2 Qc8 17. Rf2 Ba6 18. Bc2 cxd4 19. exd4 Ne4 20. Rg2 Bf6 21. Kh1 Qe8 22. Rag1 Rc8 23. Ng5 Bxg5 24. Bxe4 dxe4 25. Rxg5 e3 26. Bxe3 Bb7+ 27. Nf3 Qc6 28. R5g3 Nxg3+ 29. Rxg3 Rf6 30. Kg1 Qe4 31. Ng5 Qb1+ 32. Kf2 Rh6 33. Qxh6 gxh6 34. Nxe6+ Kf7 35. f5 Rg8 36. Rxg8 Qxf5+ 37. Nf4 Kxg8 38. Ke2 Kf7 39. Kd2 Bf3 40. Nd3 Be4 41. Ne5+ Ke6 42. c4 b5 43. b3 bxc4 44. bxc4 Qh3 45. Nc6 Bxc6 46. d5+ Bxd5 47. cxd5+ Kxd5 48. Bxa7 Qa3 49. Be3 Qxa2+ 50. Ke1 Ke4 51. Bc5 Kd3 52. Kf1 Qe2+ 53. Kg1 Ke4 54. Bd6 Kf3 0-1


[Site "https://www.chess.com"]

[Event "Titled Tuesday Blitz November 07 Late 2023"]
[White "Pavlidou, Ekaterini"]
[Black "Pinto, Daniel"]
[WhiteFideId "4213262"]
[BlackFideId "3303144"]
[WhiteElo "2354"]
[BlackElo "2509"]
[Result "1/2-1/2"]
[Round "7"]
[TimeControl "180+1"]
[Date "2023.11.07"]
[WhiteClock "0:00:43"]
[BlackClock "0:00:04"]
[Board "79"]

1. d4 Nf6 2. c4 c5 3. d5 d6 4. Nc3 g6 5. e4 Bg7 6. Bd3 O-O 7. Nge2 e6 8. h3 exd5 9. exd5 Re8 10. O-O Na6 11. a3 Rb8 12. Bg5 h6 13. Bh4 Nc7 14. f4 Re3 15. Qd2 Qe8 16. Rae1 a6 17. Ng3 Rxe1 18. Rxe1 Qf8 19. Nge4 Nxe4 20. Nxe4 f5 21. Nc3 Bd4+ 22. Kh1 Bf6 23. Qf2 Bd7 24. Qg3 Kh7 25. Bxf6 Qxf6 26. Re3 Re8 27. Qe1 Kg7 28. Rxe8 Nxe8 29. Bc2 Kf7 30. Ba4 Qe7 31. Qd2 Bxa4 32. Nxa4 Nf6 33. Nc3 Nh5 34. Kh2 Qh4 35. Ne2 Qf2 36. b4 b6 37. bxc5 bxc5 38. Qb2 Nxf4 39. Qb7+ Kf6 40. Nxf4 Qxf4+ 41. Kg1 Qc1+ 42. Kh2 Qxc4 43. Qc6 Qf4+ 44. Kg1 Qe3+ 45. Kh1 Qe1+ 46. Kh2 Qe5+ 47. Kh1 Qa1+ 48. Kh2 Qe5+ 49. Kg1 Qe1+ 50. Kh2 Qe5+ 1/2-1/2


[Site "https://www.chess.com"]

[Event "Titled Tuesday Blitz November 07 Late 2023"]
[White "Bilan, Danila"]
[Black "Fernandez Bustamante, Leancy B."]
[WhiteFideId "24161918"]
[BlackFideId "3523870"]
[WhiteElo "2507"]
[BlackElo "2348"]
[Result "1-0"]
[Round "7"]
[TimeControl "180+1"]
[Date "2023.11.07"]
[WhiteClock "0:00:19"]
[BlackClock "0:00:04"]
[Board "80"]

1. d4 c5 2. e3 cxd4 3. exd4 Nf6 4. Nf3 g6 5. Bg5 Bg7 6. c3 Ne4 7. Bh4 d5 8. Nbd2 O-O 9. Bd3 f5 10. O-O Nd7 11. c4 Ndf6 12. cxd5 Kh8 13. Bc4 Nxd5 14. Nxe4 fxe4 15. Ne5 Be6 16. Qb3 Rb8 17. Bg3 Rf6 18. Nc6 bxc6 19. Qxb8 Rf8 20. Qxa7 Nf4 21. Bxe6 Nxe6 22. Be5 Bxe5 23. dxe5 Qc7 24. Qxc7 Nxc7 25. Rac1 Rb8 26. Rxc6 Nd5 27. b3 Kg7 28. Rc4 e3 29. Rd1 exf2+ 30. Kxf2 Rf8+ 31. Ke2 e6 32. g3 Ra8 33. a4 Rb8 34. b4 Rxb4 35. Rxb4 Nxb4 36. a5 Kf7 37. Rb1 Nd5 38. Rb7+ Ke8 39. a6 Kd8 40. a7 Nc7 41. Rxc7 Kxc7 42. a8=Q 1-0


[Site "https://www.chess.com"]

[Event "Titled Tuesday Blitz November 07 Late 2023"]
[White "Sreyas Payyappat"]
[Black "Ruge, Edison"]
[WhiteFideId "46674969"]
[BlackFideId "4401000"]
[WhiteElo "2506"]
[BlackElo "2307"]
[Result "1-0"]
[Round "7"]
[TimeControl "180+1"]
[Date "2023.11.07"]
[WhiteClock "0:01:10"]
[BlackClock "0:00:00"]
[Board "81"]

1. e4 e5 2. Nf3 Nc6 3. Bc4 Be7 4. d4 d6 5. Nc3 Nf6 6. Be3 O-O 7. O-O Bg4 8. d5 Nb8 9. h3 Bh5 10. Ne2 Nxe4 11. Bd3 Bxf3 12. gxf3 Ng5 13. Kg2 f5 14. f4 Ne4 15. Bxe4 fxe4 16. fxe5 dxe5 17. Ng3 Bg5 18. Nxe4 Bf4 19. c4 Nd7 20. Qg4 Qe8 21. Kh1 Nf6 22. Nxf6+ Rxf6 23. Rg1 Rg6 24. Qf5 Qf7 25. Qxf7+ Kxf7 26. Rxg6 Kxg6 27. Bxf4 exf4 28. Kg2 Re8 29. Kf3 Kf5 30. Rd1 g5 31. d6 h5 32. Rd5+ Kf6 33. dxc7 Rc8 34. Rd7 Kf5 35. Rf7+ Kg6 36. Rd7 Kf5 37. c5 g4+ 38. hxg4+ hxg4+ 39. Ke2 Ke4 40. b4 f3+ 41. Kd2 a6 42. a4 Ke5 43. b5 axb5 44. axb5 Ke6 45. Rd6+ Ke5 46. b6 Ra8 47. Rd8 Ra2+ 48. Kc3 Rxf2 49. c8=Q 1-0


[Site "https://www.chess.com"]

[Event "Titled Tuesday Blitz November 07 Late 2023"]
[White "Samarth J Rao"]
[Black "Musovic, Armin"]
[WhiteFideId "46652370"]
[BlackFideId "939935"]
[WhiteElo "2112"]
[BlackElo "2501"]
[Result "0-1"]
[Round "7"]
[TimeControl "180+1"]
[Date "2023.11.07"]
[WhiteClock "0:00:00"]
[BlackClock "0:00:09"]
[Board "82"]

1. e4 c6 2. d4 d5 3. Nc3 dxe4 4. Nxe4 Nf6 5. Nxf6+ exf6 6. c3 Bd6 7. Qc2 O-O 8. Bd3 Re8+ 9. Ne2 Kh8 10. Be3 Nd7 11. O-O-O Nf8 12. Kb1 Qc7 13. Ng3 a5 14. Nf5 a4 15. g4 Be6 16. h4 Bd5 17. Nxd6 Qxd6 18. Rh3 b5 19. g5 Qe6 20. Bf5 Bxa2+ 21. Kc1 Qd5 22. Rg1 g6 23. Bd3 Bb3 24. Qe2 a3 25. bxa3 Rxa3 26. h5 Bc4 27. hxg6 fxg6 28. Qd2 f5 29. Rgh1 Rea8 30. Bb1 Ra1 31. Bf4 Qe4 32. Be5+ Kg8 33. Qc2 Qd5 34. Kd2 Bb3 35. Qb2 R1a2 36. Bxa2 Rxa2 37. Qxa2 Bxa2 38. Kc1 Bb3 39. Kd2 Bc4 40. Rg3 Qxh1 41. Rh3 Qxh3 0-1


[Site "https://www.chess.com"]

[Event "Titled Tuesday Blitz November 07 Late 2023"]
[White "Aung Thant Zin"]
[Black "Osmak, Yuliia"]
[WhiteFideId "13000063"]
[BlackFideId "14101602"]
[WhiteElo "2042"]
[BlackElo "2499"]
[Result "0-1"]
[Round "7"]
[TimeControl "180+1"]
[Date "2023.11.07"]
[WhiteClock "0:00:00"]
[BlackClock "0:01:10"]
[Board "83"]

1. e4 c5 2. Nf3 Nc6 3. Bb5 g6 4. O-O Bg7 5. c3 e5 6. d4 cxd4 7. cxd4 exd4 8. e5 Nge7 9. Bg5 O-O 10. Nxd4 Nxe5 11. Nc3 f6 12. Bf4 a6 13. Be2 d5 14. Qb3 Kh8 15. Rad1 N5c6 16. Nf3 g5 17. Be3 Na5 18. Qa3 Be6 19. Nd4 Bg8 20. Na4 Nac6 21. Nxc6 Nxc6 22. Bc5 Re8 23. Nb6 Rxe2 24. Nxa8 Qxa8 25. Rfe1 Qe8 0-1


[Site "https://www.chess.com"]

[Event "Titled Tuesday Blitz November 07 Late 2023"]
[White "Lamard, Guillaume"]
[Black "Wanyama, Harold"]
[WhiteFideId "600261"]
[BlackFideId "10000380"]
[WhiteElo "2628"]
[BlackElo "2419"]
[Result "1-0"]
[Round "7"]
[TimeControl "180+1"]
[Date "2023.11.07"]
[WhiteClock "0:01:08"]
[BlackClock "0:01:14"]
[Board "84"]

1. e4 c5 2. Nf3 e6 3. d4 cxd4 4. Nxd4 Nc6 5. Nc3 Qc7 6. Be2 Nf6 7. Be3 a6 8. a3 b5 9. Nxc6 dxc6 10. f4 Bb7 11. e5 Nd5 12. Nxd5 cxd5 13. c3 Bc5 14. Bd4 O-O 15. O-O f6 16. Kh1 fxe5 17. fxe5 Bxd4 18. Qxd4 Rac8 19. Bg4 Rfe8 20. a4 Qc4 21. axb5 axb5 22. h3 h6 23. Qf2 Rc7 24. Bh5 Rd8 25. Bf7+ Kh8 26. Bxe6 Qc5 27. Qxc5 Rxc5 28. Ra7 Rc7 29. Rf7 Rxf7 30. Bxf7 Bc6 31. e6 d4 32. e7 1-0


[Site "https://www.chess.com"]

[Event "Titled Tuesday Blitz November 07 Late 2023"]
[White "Arnold, Ken"]
[Black "The_Straightforward_Rook"]
[WhiteFideId "2056836"]
[WhiteElo "2415"]
[BlackElo "2559"]
[Result "1-0"]
[Round "7"]
[TimeControl "180+1"]
[Date "2023.11.07"]
[WhiteClock "0:00:27"]
[BlackClock "0:00:48"]
[Board "85"]

1. d4 Nf6 2. c4 e6 3. Nf3 b6 4. g3 Ba6 5. Nbd2 Be7 6. Bg2 O-O 7. O-O d5 8. b3 c5 9. dxc5 Bxc5 10. Bb2 Nbd7 11. a3 dxc4 12. Nxc4 Bxc4 13. bxc4 Rc8 14. Qa4 Qc7 15. Rac1 Ne4 16. e3 Be7 17. Rfd1 Bf6 18. Rxd7 Qb8 19. Bxf6 Nc5 20. Qxa7 Nxd7 21. Qxd7 gxf6 22. Qd4 Kg7 23. Qg4+ Kh8 24. Qh4 Kg7 25. Nd2 Qe5 26. Ne4 f5 27. Qg5+ Kh8 28. Nf6 Rg8 29. Nxg8 Rxg8 30. Qf4 Qb2 31. Qd4+ Qxd4 32. exd4 Rd8 33. c5 bxc5 34. dxc5 Rc8 35. c6 Rc7 36. a4 Kg7 37. a5 Kf6 38. a6 Ke7 39. a7 Rxa7 40. c7 Ra8 41. Bxa8 1-0


[Site "https://www.chess.com"]

[Event "Titled Tuesday Blitz November 07 Late 2023"]
[White "Silva Lucena, Cristian"]
[Black "Gerbelli Neto, Eduardo"]
[WhiteFideId "2232588"]
[BlackFideId "2103281"]
[WhiteElo "2506"]
[BlackElo "2391"]
[Result "1-0"]
[Round "7"]
[TimeControl "180+1"]
[Date "2023.11.07"]
[WhiteClock "0:02:08"]
[BlackClock "0:00:09"]
[Board "86"]

1. e4 e5 2. Nf3 Nc6 3. Bc4 Nf6 4. d4 exd4 5. e5 d5 6. Bb5 Ne4 7. Nxd4 Bc5 8. Nxc6 Bxf2+ 9. Kf1 Qh4 10. Nxa7+ c6 11. Nxc6 Bb6 12. Nd4+ Kf8 13. Be3 Ng3+ 14. Kg1 Nxh1 15. Kxh1 Bg4 16. Qd2 h6 17. Nc3 Rd8 18. Rf1 Kg8 19. Qf2 Qxf2 20. Rxf2 Be6 21. h3 Ba5 22. Nce2 Rc8 23. Bd3 g6 24. Nf4 Bc7 25. Nxd5 Bxe5 26. Ne7+ Kg7 27. Nxe6+ fxe6 28. Nxc8 Rxc8 29. b3 Ra8 30. a4 Rd8 31. Bf4 Bf6 32. Bxh6+ 1-0


[Site "https://www.chess.com"]

[Event "Titled Tuesday Blitz November 07 Late 2023"]
[White "Reprintsev, Alexander"]
[Black "Melikhov, Evgeny V."]
[WhiteFideId "14100541"]
[BlackFideId "4122046"]
[WhiteElo "2496"]
[BlackElo "2383"]
[Result "1-0"]
[Round "7"]
[TimeControl "180+1"]
[Date "2023.11.07"]
[WhiteClock "0:02:21"]
[BlackClock "0:00:45"]
[Board "87"]

1. e4 c5 2. b3 d5 3. exd5 Qxd5 4. Nc3 Qd8 5. Bb2 Nc6 6. Bb5 Bd7 7. Nf3 a6 8. Bxc6 Bxc6 9. Ne5 Qc7 10. Qe2 Nf6 11. O-O-O e6 12. f4 O-O-O 13. Rhe1 Kb8 14. g4 Ka8 15. h4 Nd5 16. Nxd5 Rxd5 17. h5 f6 18. Nxc6 Qxc6 19. Qxe6 Qxe6 20. Rxe6 Bd6 21. c4 Rd3 22. Kc2 Rg3 23. Rxd6 Rxg4 24. h6 gxh6 25. Bxf6 Rhg8 26. Be5 R8g6 27. Rd8+ Ka7 28. a4 Rg8 29. Bb8+ Kb6 30. a5+ Kc6 31. Rd6# 1-0


[Site "https://www.chess.com"]